| TOP OF THE 1ST |
|
Memphis Blues batting - Pitching for San Antonio Missions : RHP William Fewox
|
|
Pitching: RHP William Fewox
|
|
|
Batting: LHB John Robbins
|
0-0: Called Strike 0-1: DOUBLE (Groundball, 5L, EV 103.1 MPH)
|
|
Batting: SHB Darrell Brown
|
0-0: SINGLE (Flyball, 89S, EV 100.0 MPH) John Robbins to third Runner from 3rd tries for Home, SAFE, throw by RF to home
|
|
Batting: LHB David Christianson
|
0-0: Ball 1-0: Called Strike 1-1: Ball 2-1: Ball 3-1: Base on Balls Darrell Brown to second
|
|
Batting: LHB Don Jacoby
|
0-0: Fielders Choice at 2nd, 5-4 (Groundball, 56, EV 95.0 MPH) Darrell Brown to third
|
|
Batting: RHB Dave Penniall
|
0-0: SINGLE (Line Drive, 9LS, EV 86.3 MPH) Darrell Brown scores Don Jacoby to second Runner from 2nd tries for 3rd, SAFE, throw by RF made to third
|
|
Batting: RHB Augustine Garrett
|
0-0: Ball 1-0: Fly out, F7 (Flyball, 78D, EV 102.5 MPH) Runner from 3rd tags up, SCORES, throw by LF
|
|
Batting: RHB Bradley Shames
|
0-0: Ball 1-0: Swinging Strike 1-1: Called Strike 1-2: Ball 2-2: Strikes out swinging
|
| Top of the 1st over - 3 runs, 3 hits, 0 errors, 1 left on base; Memphis 3 - San Antonio 0 |
| BOTTOM OF THE 1ST |
|
San Antonio Missions batting - Pitching for Memphis Blues : RHP Craig Mitchell
|
|
Pitching: RHP Craig Mitchell
|
|
|
Batting: LHB John Elway
|
0-0: Called Strike 0-1: Foul Ball, location: 2F 0-2: Ball 1-2: Fly out, F8 (Flyball, 89XD, EV 91.9 MPH)
|
|
Batting: RHB Amos Lewis
|
0-0: Called Strike 0-1: Ball 1-1: Swinging Strike 1-2: Ball 2-2: SOLO HOME RUN (Flyball, 78XD, EV 111.3 MPH), Distance : 414 ft
|
|
Batting: RHB Ed Hearn
|
0-0: Fly out, F6 (Popup, 6MD, EV 65.6 MPH)
|
|
Batting: RHB Larry Hamilton
|
0-0: Ball 1-0: Called Strike 1-1: Ball 2-1: Ball 3-1: Swinging Strike 3-2: Strikes out looking
|
| Bottom of the 1st over - 1 run, 1 hit, 0 errors, 0 left on base; Memphis 3 - San Antonio 1 |
| TOP OF THE 2ND |
|
Memphis Blues batting - Pitching for San Antonio Missions : RHP William Fewox
|
|
Batting: RHB Jim Pankovits
|
0-0: Ball 1-0: Fly out, F8 (Flyball, 8RS, EV 76.9 MPH)
|
|
Batting: RHB William Muth
|
0-0: Ball 1-0: Reached on error, E8 (Flyball, 8LD, EV 105.0 MPH)
|
|
Batting: LHB John Robbins
|
0-0: Called Strike 0-1: Swinging Strike 0-2: Ball 1-2: Ball 2-2: Ground out U3 (Groundball, 3L, EV 86.3 MPH) William Muth to third
|
|
Batting: SHB Darrell Brown
|
0-0: Called Strike 0-1: Ball 1-1: Foul Ball, location: 2F 1-2: Ball 2-2: Strikes out swinging
|
| Top of the 2nd over - 0 runs, 0 hits, 1 error, 1 left on base; Memphis 3 - San Antonio 1 |
| BOTTOM OF THE 2ND |
|
San Antonio Missions batting - Pitching for Memphis Blues : RHP Craig Mitchell
|
|
Batting: LHB Lee Pruitt
|
0-0: Swinging Strike 0-1: SINGLE (Flyball, 8LS, EV 88.8 MPH)
|
|
Batting: LHB John D Morris
|
0-0: Ball 1-0: Ball 2-0: Ball 3-0: Called Strike 3-1: Called Strike 3-2: Strikes out swinging Lee Pruitt is caught stealing 2nd base 2-6 Batter strikes out.
|
|
Batting: LHB Jerold Johnston
|
0-0: Foul Ball, location: 2F 0-1: DOUBLE (Groundball, 5L, EV 101.3 MPH)
|
|
Batting: LHB Matt Nokes
|
0-0: Foul Ball, location: 2F 0-1: Called Strike 0-2: Ball 1-2: SINGLE (Flyball, 89S, EV 91.9 MPH) Jerold Johnston to third Runner from 3rd tries for Home, SAFE, throw by RF to home Matt Nokes to second
|
|
Batting: RHB Houston Jimenez
|
0-0: Ball 1-0: SINGLE (Line Drive, 89S, EV 97.5 MPH) Matt Nokes to third Runner from 3rd tries for Home, SAFE, throw by RF to home
|
|
Batting: LHB John Elway
|
0-0: Ball 1-0: Swinging Strike 1-1: Foul Ball, location: 2F 1-2: Foul Ball, location: 2F 1-2: Ground out 4-3 (Groundball, 34, EV 100.0 MPH)
|
| Bottom of the 2nd over - 2 runs, 4 hits, 0 errors, 1 left on base; Memphis 3 - San Antonio 3 |
| TOP OF THE 3RD |
|
Memphis Blues batting - Pitching for San Antonio Missions : RHP William Fewox
|
|
Batting: LHB David Christianson
|
0-0: Swinging Strike 0-1: Ball 1-1: Called Strike 1-2: Strikes out looking
|
|
Batting: LHB Don Jacoby
|
0-0: Called Strike 0-1: Ball 1-1: Called Strike 1-2: Strikes out swinging
|
|
Batting: RHB Dave Penniall
|
0-0: Ball 1-0: Swinging Strike 1-1: Ball 2-1: Fly out, F4 (Flyball, 4D, EV 81.9 MPH)
|
| Top of the 3rd over - 0 runs, 0 hits, 0 errors, 0 left on base; Memphis 3 - San Antonio 3 |
| BOTTOM OF THE 3RD |
|
San Antonio Missions batting - Pitching for Memphis Blues : RHP Craig Mitchell
|
|
Batting: RHB Amos Lewis
|
0-0: Called Strike 0-1: Ball 1-1: Ball 2-1: Called Strike 2-2: Ground out 5-3 (Groundball, 56, EV 104.4 MPH)
|
|
Batting: RHB Ed Hearn
|
0-0: Foul Ball, location: 2F 0-1: Ball 1-1: Ground out 2-3 (Groundball, 2R, EV 71.3 MPH)
|
|
Batting: RHB Larry Hamilton
|
0-0: Ball 1-0: Called Strike 1-1: Called Strike 1-2: Foul Ball, location: 2F 1-2: Ball 2-2: Ball 3-2: Ground out 4-3 (Groundball, 4, EV 82.5 MPH)
|
| Bottom of the 3rd over - 0 runs, 0 hits, 0 errors, 0 left on base; Memphis 3 - San Antonio 3 |
| TOP OF THE 4TH |
|
Memphis Blues batting - Pitching for San Antonio Missions : RHP William Fewox
|
|
Batting: RHB Augustine Garrett
|
0-0: Called Strike 0-1: Called Strike 0-2: Strikes out looking
|
|
Batting: RHB Bradley Shames
|
0-0: Ball 1-0: Ball 2-0: Called Strike 2-1: Fly out, F8 (Flyball, 78M, EV 80.6 MPH)
|
|
Batting: RHB Jim Pankovits
|
0-0: Ball 1-0: Ball 2-0: Foul Ball, location: 2F 2-1: Foul Ball, location: 2F 2-2: Strikes out swinging
|
| Top of the 4th over - 0 runs, 0 hits, 0 errors, 0 left on base; Memphis 3 - San Antonio 3 |
| BOTTOM OF THE 4TH |
|
San Antonio Missions batting - Pitching for Memphis Blues : RHP Craig Mitchell
|
|
Batting: LHB Lee Pruitt
|
0-0: Ball 1-0: DOUBLE (Line Drive, 7LS, EV 95.0 MPH)
|
|
Batting: LHB John D Morris
|
0-0: Called Strike 0-1: Foul Ball, location: 2F 0-2: Ball 1-2: Foul Ball, location: 2F 1-2: Foul Ball, location: 2F 1-2: 2-RUN HOME RUN (Flyball, 89XD, EV 100.0 MPH), Distance : 422 ft
|
|
Batting: LHB Jerold Johnston
|
0-0: Called Strike 0-1: SINGLE (Line Drive, 4D, EV 96.3 MPH)
|
|
Batting: LHB Matt Nokes
|
0-0: Called Strike 0-1: SINGLE (Groundball, 34D, EV 100.0 MPH) Jerold Johnston to second Runner from 2nd tries for 3rd, SAFE, throw by RF made to third
|
|
Batting: RHB Houston Jimenez
|
0-0: Ball 1-0: Ball 2-0: Ball 3-0: Base on Balls Matt Nokes to second
|
|
Batting: LHB John Elway
|
0-0: Called Strike 0-1: Grounds into double play, 6-4-3 (Groundball, 56, EV 108.1 MPH) Jerold Johnston scores Matt Nokes to third
|
|
Batting: RHB Amos Lewis
|
0-0: Ball 1-0: Called Strike 1-1: Ball 2-1: Swinging Strike 2-2: Ball 3-2: Foul Ball, location: 2F 3-2: Fly out, F7 (Flyball, 78M, EV 87.5 MPH)
|
| Bottom of the 4th over - 3 runs, 4 hits, 0 errors, 1 left on base; Memphis 3 - San Antonio 6 |
| TOP OF THE 5TH |
|
Memphis Blues batting - Pitching for San Antonio Missions : RHP William Fewox
|
|
Batting: RHB William Muth
|
0-0: Ball 1-0: Called Strike 1-1: Foul Ball, location: 2F 1-2: Strikes out swinging
|
|
Batting: LHB John Robbins
|
0-0: Ball 1-0: Called Strike 1-1: Ball 2-1: Ball 3-1: Foul Ball, location: 2F 3-2: Ground out U3 (Groundball, 3L, EV 82.5 MPH)
|
|
Batting: SHB Darrell Brown
|
0-0: Swinging Strike 0-1: Swinging Strike 0-2: Ball 1-2: Foul Ball, location: 2F 1-2: Foul Ball, location: 2F 1-2: Ball 2-2: Fly out, F8 (Flyball, 8RD, EV 106.9 MPH)
|
| Top of the 5th over - 0 runs, 0 hits, 0 errors, 0 left on base; Memphis 3 - San Antonio 6 |
| BOTTOM OF THE 5TH |
|
San Antonio Missions batting - Pitching for Memphis Blues : RHP Craig Mitchell
|
|
Batting: RHB Ed Hearn
|
0-0: Called Strike 0-1: Ball 1-1: Ball 2-1: Ball 3-1: Foul Ball, location: 2F 3-2: Ground out 5-3 (Groundball, 56, EV 85.0 MPH)
|
|
Batting: RHB Larry Hamilton
|
0-0: Ball 1-0: Fly out, F7 (Flyball, 7, EV 86.3 MPH)
|
|
Batting: LHB Lee Pruitt
|
0-0: Called Strike 0-1: Swinging Strike 0-2: Foul Ball, location: 2F 0-2: Ball 1-2: Strikes out swinging
|
| Bottom of the 5th over - 0 runs, 0 hits, 0 errors, 0 left on base; Memphis 3 - San Antonio 6 |
| TOP OF THE 6TH |
|
Memphis Blues batting - Pitching for San Antonio Missions : RHP William Fewox
|
|
Batting: LHB David Christianson
|
0-0: Ball 1-0: Called Strike 1-1: Swinging Strike 1-2: Foul Ball, location: 2F 1-2: Strikes out swinging
|
|
Batting: LHB Don Jacoby
|
0-0: Called Strike 0-1: Ball 1-1: Swinging Strike 1-2: Foul Ball, location: 2F 1-2: Ball 2-2: Strikes out looking
|
|
Batting: RHB Dave Penniall
|
0-0: Ball 1-0: Ball 2-0: Ball 3-0: Called Strike 3-1: SOLO HOME RUN (Flyball, 78XD, EV 98.1 MPH), Distance : 415 ft
|
|
Batting: RHB Augustine Garrett
|
0-0: Ball 1-0: Ball 2-0: Foul Ball, location: 2F 2-1: Foul Ball, location: 2F 2-2: Foul Ball, location: 2F 2-2: Fly out, F8 (Flyball, 89D, EV 100.0 MPH)
|
| Top of the 6th over - 1 run, 1 hit, 0 errors, 0 left on base; Memphis 4 - San Antonio 6 |
| BOTTOM OF THE 6TH |
|
San Antonio Missions batting - Pitching for Memphis Blues : RHP Craig Mitchell
|
|
Batting: LHB John D Morris
|
0-0: Fly out, F8 (Flyball, 8LS, EV 91.9 MPH)
|
|
Batting: LHB Jerold Johnston
|
0-0: Called Strike 0-1: Fly out, F6 (Popup, 6, EV 71.3 MPH)
|
|
Batting: LHB Matt Nokes
|
0-0: Fly out, F8 (Flyball, 89M, EV 83.8 MPH)
|
| Bottom of the 6th over - 0 runs, 0 hits, 0 errors, 0 left on base; Memphis 4 - San Antonio 6 |
| TOP OF THE 7TH |
|
Memphis Blues batting - Pitching for San Antonio Missions : RHP William Fewox
|
|
Batting: RHB Bradley Shames
|
0-0: Ball 1-0: Called Strike 1-1: Swinging Strike 1-2: DOUBLE (Line Drive, 7LM, EV 115.0 MPH)
|
|
Batting: RHB Jim Pankovits
|
0-0: Swinging Strike 0-1: Ball 1-1: Ball 2-1: Ball 3-1: Base on Balls
|
|
Pinch Hitting: SHB Jerry Lane
|
0-0: Called Strike 0-1: Ball 1-1: Called Strike 1-2: Ball 2-2: Foul Ball, location: 2F 2-2: Ball 3-2: Strikes out swinging
|
|
Batting: LHB John Robbins
|
0-0: Called Strike 0-1: SINGLE (Line Drive, 89M, EV 90.6 MPH) Bradley Shames to third Jim Pankovits to second
|
|
Batting: SHB Darrell Brown
|
0-0: Ball 1-0: Ball 2-0: SINGLE (Groundball, 34D, EV 97.5 MPH) Bradley Shames scores Jim Pankovits to third John Robbins to second
|
|
Batting: LHB David Christianson
|
0-0: Ball 1-0: DOUBLE (Flyball, 3D, EV 87.5 MPH) Jim Pankovits scores John Robbins scores Darrell Brown to third
|
|
Pitching: RHP Edward Arkema
|
|
|
Batting: LHB Don Jacoby
|
0-0: Ball 1-0: Called Strike 1-1: Foul Ball, location: 2F 1-2: Foul Ball, location: 2F 1-2: Foul Ball, location: 2F 1-2: Strikes out swinging
|
|
Batting: RHB Dave Penniall
|
0-0: Fly out, F7 (Flyball, 78XD, EV 91.9 MPH)
|
| Top of the 7th over - 3 runs, 4 hits, 0 errors, 2 left on base; Memphis 7 - San Antonio 6 |
| BOTTOM OF THE 7TH |
|
San Antonio Missions batting - Pitching for Memphis Blues : RHP Craig Mitchell
|
|
Pitching: RHP William Purdy
|
|
|
Now at 3B: Jerry Lane
|
|
|
Batting: RHB Houston Jimenez
|
0-0: Ball 1-0: DOUBLE (Line Drive, 3D, EV 95.0 MPH)
|
|
Batting: LHB John Elway
|
0-0: Ball 1-0: Ball 2-0: Ball 3-0: Called Strike 3-1: Foul Ball, location: 2F 3-2: SINGLE (Groundball, 5S, EV 71.3 MPH) (infield hit) Houston Jimenez to third
|
|
Batting: RHB Amos Lewis
|
0-0: Called Strike 0-1: Fly out, F9 (Flyball, 9LM, EV 76.3 MPH) Runner from 3rd tags up, SCORES, throw by RF
|
|
Batting: RHB Ed Hearn
|
0-0: Ball 1-0: Foul Ball, location: 2F 1-1: Grounds into double play, 1-4-3 (Groundball, P, EV 70.0 MPH)
|
| Bottom of the 7th over - 1 run, 2 hits, 0 errors, 0 left on base; Memphis 7 - San Antonio 7 |
| TOP OF THE 8TH |
|
Memphis Blues batting - Pitching for San Antonio Missions : RHP Edward Arkema
|
|
Batting: RHB Augustine Garrett
|
0-0: Ball 1-0: Foul Ball, location: 2F 1-1: Foul Ball, location: 2F 1-2: Ball 2-2: Fly out, F8 (Flyball, 8RM, EV 84.4 MPH)
|
|
Batting: RHB Bradley Shames
|
0-0: Ball 1-0: Called Strike 1-1: Foul Ball, location: 2F 1-2: Strikes out swinging
|
|
Batting: RHB Jim Pankovits
|
0-0: Ball 1-0: Foul Ball, location: 2F 1-1: Foul Ball, location: 2F 1-2: Foul Ball, location: 2F 1-2: Strikes out looking
|
| Top of the 8th over - 0 runs, 0 hits, 0 errors, 0 left on base; Memphis 7 - San Antonio 7 |
| BOTTOM OF THE 8TH |
|
San Antonio Missions batting - Pitching for Memphis Blues : RHP William Purdy
|
|
Batting: RHB Larry Hamilton
|
0-0: SINGLE (Line Drive, 56D, EV 95.0 MPH)
|
|
Pinch Runner at 1st Jose Moreno:
|
|
|
Batting: LHB Lee Pruitt
|
0-0: Ball 1-0: Foul Ball, location: 2F 1-1: Grounds into double play, 4-6-3 (Groundball, 4, EV 86.9 MPH)
|
|
Batting: LHB John D Morris
|
0-0: Ball 1-0: Ground out 4-3 (Groundball, 4, EV 80.0 MPH)
|
| Bottom of the 8th over - 0 runs, 1 hit, 0 errors, 0 left on base; Memphis 7 - San Antonio 7 |
| TOP OF THE 9TH |
|
Memphis Blues batting - Pitching for San Antonio Missions : RHP Edward Arkema
|
|
Pitching: RHP James Herring
|
|
|
Now in LF: Wallace Johnson
|
|
|
Batting: SHB Jerry Lane
|
0-0: Ball 1-0: Ball 2-0: Foul Ball, location: 2F 2-1: SINGLE (Line Drive, 7LS, EV 103.8 MPH)
|
|
Batting: LHB John Robbins
|
0-0: Ball 1-0: Called Strike 1-1: Ball 2-1: Foul Ball, location: 2F 2-2: Fielders Choice at 2nd, 6-4 (Groundball, 6M, EV 105.0 MPH)
|
|
Batting: SHB Darrell Brown
|
0-0: Called Strike 0-1: Ball 1-1: Foul Ball, location: 2F 1-2: Fly out, F7 (Flyball, 78M, EV 91.9 MPH)
|
|
Batting: LHB David Christianson
|
0-0: Called Strike 0-1: Ball 1-1: Called Strike 1-2: Foul Ball, location: 2F 1-2: Strikes out looking
|
| Top of the 9th over - 0 runs, 1 hit, 0 errors, 1 left on base; Memphis 7 - San Antonio 7 |
| BOTTOM OF THE 9TH |
|
San Antonio Missions batting - Pitching for Memphis Blues : RHP William Purdy
|
|
Batting: LHB Jerold Johnston
|
0-0: Ball 1-0: Foul Ball, location: 2F 1-1: DOUBLE (Line Drive, 5D, EV 103.1 MPH)
|
|
Batting: LHB Matt Nokes
|
0-0: Called Strike 0-1: Ball 1-1: Ball 2-1: Foul Ball, location: 2F 2-2: Ball 3-2: Base on Balls
|
|
Batting: RHB Houston Jimenez
|
0-0: Bunt missed! 0-1: Bunt missed! 0-2: Foul Ball, location: 2F 0-2: Foul Ball, location: 2F 0-2: Ball 1-2: SINGLE (Flyball, 3D, EV 83.8 MPH) Jerold Johnston to third Matt Nokes to second
|
|
Batting: LHB John Elway
|
0-0: Ball 1-0: Called Strike 1-1: Ball 2-1: Ball 3-1: Base on Balls Jerold Johnston scores Matt Nokes to third Houston Jimenez to second
|
| Bottom of the 9th over - 1 run, 2 hits, 0 errors, 0 left on base; Memphis 7 - San Antonio 8 |
|